 Dungeon Crawl Stone Soup version 0.30-a0-760-g5a9884bb7c (webtiles) character file.

Game seed: 5975240602714870352

25 Sabo the Magician (level 3, 0/28 HPs)
             Began as a Gnoll Wanderer on Feb 11, 2023.
             Succumbed to an adder's poison
             ... on level 2 of the Dungeon.
             The game lasted 00:07:43 (1194 turns).

Sabo the Magician (Gnoll Wanderer)                  Turns: 1194, Time: 00:07:44

Health: 0/28       AC:  8    Str:  9    XL:     3   Next: 4%
Magic:  9/9        EV:  8    Int: 17    God:
Gold:   58         SH:  0    Dex:  9    Spells: 11/12 levels left

rFire   . . .      SeeInvis .    e - +0 long sword
rCold   . . .      Faith    .    (no shield)
rNeg    . . .      Spirit   .    c - +0 scale mail
rPois   .          Reflect  .    f - +0 helmet
rElec   .          Harm     .    (no cloak)
rCorr   .          Rampage  .    (no gloves)
Will    .....                    (no boots) Stlth
                                 (no amulet)
HPRegen 0.24/turn                (no ring)
MPRegen 0.11/turn                (no ring)

@: lethally poisoned (0 -> -4)
A: fangs 1, strong nose, distributed training
a: no special abilities


You were on level 2 of the Dungeon.
You visited 1 branch of the dungeon, and saw 2 of its levels.

You collected 58 gold pieces.

Inventory:

Hand Weapons
 d - a +0 sling
 e - a +0 long sword (weapon)
Missiles
 g - 4 boomerangs of dispersal (quivered)
Armour
 c - a +0 scale mail (worn)
 f - a +0 helmet (worn)
Scrolls
 b - a scroll of blinking
 i - a scroll of teleportation {unknown}
Potions
 a - a potion of resistance {unknown}


   Skills:
 + Level 2.5 Fighting
 + Level 0.6 Short Blades
 + Level 0.6 Long Blades
 + Level 0.6 Axes
 + Level 0.6 Maces & Flails
 + Level 0.6 Polearms
 + Level 0.6 Staves
 + Level 0.6 Ranged Weapons
 + Level 0.6 Throwing
 + Level 4.5 Armour
 + Level 0.6 Dodging
 + Level 2.3 Stealth
 + Level 0.6 Shields
 + Level 0.6 Unarmed Combat
 + Level 5.0 Spellcasting
 + Level 0.4 Conjurations
 + Level 0.4 Hexes
 + Level 0.4 Summonings
 + Level 3.7 Necromancy
 + Level 2.1 Translocations
 + Level 0.4 Transmutations
 + Level 0.4 Fire Magic
 + Level 0.4 Ice Magic
 + Level 0.4 Air Magic
 + Level 0.4 Earth Magic
 + Level 0.4 Poison Magic
 + Level 2.6 Invocations
 + Level 0.6 Evocations


You had 11 spell levels left.
You knew the following spells:

 Your Spells              Type           Power      Damage    Failure   Level
a - Necrotise             Necr           68%        1d7       22%         1

Your spell library contained the following spells:

 Spells                   Type           Power      Damage    Failure   Level
 Apportation              Tloc           22%        N/A       38%         1
 Kiss of Death            Conj/Necr      44%        2d8       38%         1
 Cigotuvi's Dreadful Rot  Necr/Pois/Air  18%        N/A       63%         2
 Poisonous Vapours        Pois/Air       10%        N/A       77%         2
 Kindle Blastsparks       Fire/Tloc/Air  14%        2d11      89%         3
 Dispel Undead            Necr           17%        3d10      91%         4
 Mephitic Cloud           Conj/Pois/Air  5%         N/A       94%         3


Dungeon Overview and Level Annotations

Branches:
Dungeon (2/15)

Altars:

Shops:
D:1 [


Innate Abilities, Weirdness & Mutations

You have very sharp teeth.
Your uncanny sense of smell can sniff out nearby items.
Your experience applies equally to all skills.


Message History

The rat barely misses you. The adder bites you.
The jackal barely misses you. x2
The rat barely misses you.
The jackal bites you but does no damage.
You closely miss the adder.
The adder is severely wounded.
The adder bites you but does no damage.
The jackal bites you but does no damage. x3
The adder completely misses you. The jackal barely misses you.
The rat bites you but does no damage.
The jackal bites you but does no damage.
The jackal bites you.
You barely miss the adder. Your bite misses the adder.
The adder is severely wounded.
The jackal bites you but does no damage.
The adder bites you.
The jackal bites you but does no damage. x2
The rat barely misses you.
The jackal bites you but does no damage.
The adder bites you.
* * * LOW HITPOINT WARNING * * *
You are poisoned.
The adder poisons you!
The jackal bites you but does no damage. x2
You hit the adder. Your bite misses the adder.
The adder is almost dead.
* * * LOW HITPOINT WARNING * * *
You feel sick.
The jackal bites you but does no damage.
The rat barely misses you. The adder bites you but does no damage.
The jackal bites you.
* * * LOW HITPOINT WARNING * * *
The jackal barely misses you. The jackal completely misses you.
The rat bites you but does no damage.
The jackal bites you but does no damage.
The adder bites you.
* * * LOW HITPOINT WARNING * * *
The jackal bites you but does no damage.
You miss the adder. You bite the adder.
You kill the adder!
You die...

.. .........# #### ##.
........# #..#.#......
!.......## #..#.#.....#
#.........
#..#.#.....###.....[...
#.<#.#........g........
#.#..........hh........
#.............@h.......
####............r.$......
#........................
#......######............
######## #............
...............
................
.................
#######..........


You could see 3 jackals, a goblin and a rat.

Vanquished Creatures
  An adder (D:2)
  A dart slug (D:1)
  3 ball pythons (D:1)
  2 bats (D:1)
  A giant cockroach (D:1)
  A goblin (D:1)
  A hobgoblin (D:1)
  3 jackals (D:1)
  3 kobolds (D:1)
  2 quokkas (D:1)
  A frilled lizard (D:1)
  2 rats (D:1)
21 creatures vanquished.

Vanquished Creatures (others)
  A plant (D:1)
1 creature vanquished.

Grand Total: 22 creatures vanquished

Notes
Turn   | Place    | Note
-------+----------+-------------------------------------------
     0 | D:1      | Sabo the Gnoll Wanderer began the quest for the Orb.
     0 | D:1      | Sabo set off with the following items: a +0 club, a scroll
                  | of blinking, a +0 scale mail; and the following spells
                  | available to memorise: Necrotise, Apportation, Kiss of
                  | Death, Kindle Blastsparks, Dispel Undead.
     0 | D:1      | Reached XP level 1. HP: 17/17 MP: 6/6
    80 | D:1      | Found Fauph's Armour Shoppe.
   239 | D:1      | Reached XP level 2. HP: 23/23 MP: 7/7
   277 | D:1      | Learned a level 1 spell: Necrotise
   931 | D:1      | Reached skill level 5 in Spellcasting
   931 | D:1      | Reached XP level 3. HP: 27/28 MP: 7/9
  1194 | D:2      | Succumbed to an adder's poison

Illustrated notes

Levels and vault maps discovered:
D:1:      lemuel_arrival_muddy, layout_loops_ring, serial_shops,
          nicolae_square_shop, st_stairs_14, minmay_liquid_box
D:2:      layout_basic, serial_shops, nicolae_diamond_shop

Skill      XL: |  1  2 |
---------------+-------+-----
Translocations | 2 |  2.1
Spellcasting   | 5 |  5.0
Fighting       | |  2.5
Short Blades   | |  0.6
Long Blades    | |  0.6
Axes           | |  0.6
Maces & Flails | |  0.6
Polearms       | |  0.6
Staves         | |  0.6
Ranged Weapons | |  0.6
Throwing       | |  0.6
Armour         | |  4.5
Dodging        | |  0.6
Stealth        | |  2.3
Shields        | |  0.6
Unarmed Combat | |  0.6
Conjurations   | |  0.4
Hexes          | |  0.4
Summonings     | |  0.4
Necromancy     | |  3.7
Transmutations | |  0.4
Fire Magic     | |  0.4
Ice Magic      | |  0.4
Air Magic      | |  0.4
Earth Magic    | |  0.4
Poison Magic   | |  0.4
Invocations    | |  2.6
Evocations     | |  0.6

Action                     || total
---------------------------++-------
  Melee: Long sword        ||    95
         Bite              ||    13
         Punch             ||     2
    Use: Scroll            ||     1
 Armour: Scale mail        ||   131
  Dodge: Dodged            ||    94

Table legend: (Time is in decaauts)
 A = Elapsed time spent in this place.
 B = Non-inter-level travel time spent in this place.
 C = Inter-level travel time spent in this place.
 D = Time resting spent in this place.
 E = Time spent auto-exploring this place.
 F = Levels seen in this place.
 G = Mean time per level.
                   A        B        C        D        E       F      G
               +--------+--------+--------+--------+--------+-----+--------+
         Total |   1246 |   1246 |      0 |     73 |      0 |   2 |  623.0 |
       Dungeon |   1246 |   1246 |      0 |     73 |      0 |   2 |  623.0 |
               +--------+--------+--------+--------+--------+-----+--------+

Top non-repeatable levels by time:
     D:1: 1198 daAuts
     D:2: 48 daAuts
